 Dungeon Crawl Stone Soup version 0.17.0-56-gd8de76c (webtiles) character file.

105 gorblad the Skirmisher (level 4, 0/37 HPs)
             Began as a Mummy Chaos Knight on Dec 5, 2015.
             Slain by a river rat (7 damage)
             ... in a sewer.
             The game lasted 00:04:55 (1885 turns).

gorblad the Skirmisher (Mummy Chaos Knight)         Turns: 1885, Time: 00:04:56

Health: 0/37       AC:  5    Str: 16    XL:     4   Next: 53%
Magic:  4/4        EV: 11    Int: 11    God:    Xom [..*...]
Gold:   119        SH:  0    Dex: 11    Spells: 0 memorised, 3 levels left

rFire  x . .     SeeInvis .     a - +1 spear (chaos)
rCold  + . .     Clarity  .     b - +2 leather armour
rNeg   + + +     SustAt   .     (no shield)
rPois  ∞         Gourm    .     (no helmet)
rElec  .         Spirit   .     (no cloak)
rCorr  .         Warding  .     (no gloves)
rMut   .         Stasis   .     (no boots)
MR     .....                    (no amulet)
Stlth  +.........               (no ring)
                                (no ring)

@: not resistant to hostile enchantments, very unstealthy
A: no food or potions, fire vulnerability, cold resistance 1, negative energy
resistance 3, torment resistance, unbreathing
a: Renounce Religion


You were in a sewer.
You worshipped Xom.
You were a toy of Xom.
You were not hungry.

You visited 1 branch of the dungeon, and saw 3 of its levels.
You also visited: Sewer.

You collected 119 gold pieces.

Inventory:

Hand Weapons
 a - a +1 spear of chaos (weapon)
Missiles
 c - 3 tomahawks (quivered)
Armour
 b - a +2 leather armour (worn)
Scrolls
 d - a scroll of blinking {unknown}
 e - 2 scrolls of identify
 f - a scroll of fog


   Skills:
 + Level 3.8 Fighting
 + Level 3.1 Polearms
 + Level 1.9 Armour
 + Level 1.7 Dodging
 + Level 0.8 Stealth


You had 3 spell levels left.
You didn't know any spells.

Dungeon Overview and Level Annotations

Branches:
Dungeon (3/15)

Altars:


Innate Abilities, Weirdness & Mutations

You do not eat or drink.
Your flesh is vulnerable to fire.
You are immune to poison.
Your flesh is cold resistant.
You are immune to negative energy.
You are immune to unholy pain and torment.
You can survive without breathing.


Message History

No target in view!
No target in view!
No target in view!
No target in view!
No target in view!
No target in view!
No target in view!
No target in view!
No target in view!
No target in view!
No target in view!
No target in view!
No target in view!
No target in view!
Your leather armour prevents you from hitting something.
Something bites you!
* * * LOW HITPOINT WARNING * * *
You hit something. Something bites you!
You die... "It's all fun and games until someone loses an eye."

*≈≈≈≈≈≈≈≈*≈≈,,≈≈≈,,,≈,,,≈,≈,≈≈≈,≈
*≈≈≈≈≈≈≈≈*≈≈,,≈,,,,≈≈,,≈,≈,≈≈≈≈≈,
***************,*****************
*,**,* *,* **,,** *≈* ***,** *≈*
**,,*,**## *≈* #§######.#* *≈*
*#§{@Z#.#,** *≈* #####§#,*,** *,*
#§##***,* *≈*
*****############§###############
*≈≈≈≈≈≈≈≈#≈≈.≈≈≈§...≈≈...≈†≈≈≈.≈≈
*≈≈≈≈≈≈≈≈#≈≈§.§§≈..≈†....≈...≈≈≈.
*****############################
*,****,* *,* **,**,** *≈*


You could see a friendly river rat zombie.

Vanquished Creatures
  3 adders
  2 river rats (Sewer)
  A worm (D:2)
  3 orcs (D:3)
  2 ball pythons
  6 giant cockroaches
  4 hobgoblins
  A jackal (shapeshifter) (D:3)
  6 bats
  4 giant geckos
  7 giant newts
  3 goblins
  4 kobolds
  9 rats
55 creatures vanquished.

Notes
Turn   | Place    | Note
--------------------------------------------------------------
     0 | D:1      | gorblad the Mummy Chaos Knight began the quest for the Orb.
     0 | D:1      | Reached XP level 1. HP: 18/18 MP: 1/1
    28 | D:1      | XOM: divination: magic mapping
   180 | D:1      | Reached XP level 2. HP: 24/24 MP: 2/2
   527 | D:2      | Reached skill level 1 in Dodging
   545 | D:2      | Reached XP level 3. HP: 27/29 MP: 3/3
   903 | D:2      | XOM: medium Necr miscast
  1098 | D:2      | XOM is BORED!
  1098 | D:2      | XOM: noise
  1267 | D:3      | XOM: potion effect (invisibility)
  1271 | D:3      | XOM: divination: detect creatures
  1339 | D:3      | Found a glowing drain.
  1365 | D:3      | Reached XP level 4. HP: 34/37 MP: 4/4
  1385 | Sewer    | Entered a sewer
  1806 | Sewer    | XOM: colour smoke trail
  1873 | Sewer    | XOM: smoke on damage
  1885 | Sewer    | Slain by a river rat

Action                   |  1- 3 |  4- 6 || total
-------------------------+-------+-------++-------
Melee: Spear             |   126 |    89 ||   215
  Use: Scroll            |     6 |     1 ||     7
 Stab: Sleeping          |     1 |     2 ||     3
       Invisible         |     4 |       ||     4
       Paralysed         |       |     3 ||     3
